 Dungeon Crawl Stone Soup version 0.20-a0-1058-g0491fde (webtiles) character file.

13201 Gorglomux the Executioner (level 12, -15/97 HPs)
             Began as a Hill Orc Berserker on Apr 26, 2017.
             Was an Elder of Trog.
             Hit by a large rock thrown by a stone giant (36 damage)
             ... on level 9 of the Dungeon.
             The game lasted 00:17:29 (10930 turns).

Gorglomux the Executioner (Hill Orc Berserker)     Turns: 10930, Time: 00:17:30

Health: -15/97     AC: 18    Str: 21    XL:     12   Next: 3%
Magic:  12/12      EV:  8    Int:  7    God:    Trog [****..]
Gold:   103        SH:  0    Dex: 16    Spells: 11/11 levels left

rFire    . . .     SeeInvis .   a - +4 battleaxe
rCold    . . .     Gourm    +   (shield currently unavailable)
rNeg     . . .     Faith    .   E - +5 chain mail of Acaebass {+Inv}
rPois    .         Spirit   .   w - +0 helmet
rElec    .         Reflect  .   G - +0 cloak {+Inv}
rCorr    .         Harm     .   r - +0 pair of gloves
MR       ++...                  (no boots)
Stlth    ..........             D - amulet of Impatience {Gourm Dex+2}
Regen    1.3/turn               I - +3 ring of slaying
MPRegen  0.2/turn               (no ring)

@: regenerating
A: no striking features
a: Berserk, Trog's Hand, Brothers in Arms, Burn Spellbooks, Renounce Religion,
Evoke Invisibility


You were on level 9 of the Dungeon.
You worshipped Trog.
Trog was greatly pleased with you.
You were full.

You visited 1 branch of the dungeon, and saw 9 of its levels.
You also visited: Bailey.

You collected 487 gold pieces.
You spent 384 gold pieces at shops.

Inventory:

Hand Weapons
 a - a +4 battleaxe (weapon)
   (You took it off a wight on level 9 of the Dungeon)
 J - a +0 battleaxe
   (You took it off an orc warrior on level 8 of the Dungeon)
Missiles
 K - a throwing net {=f, !d}
Armour
 i - a scarf of cold resistance
   (You found it on level 1 of the Dungeon)
 r - a +0 pair of gloves (worn)
   (You found it on level 3 of the Dungeon)
 u - a scarf of spirit shield
   (You bought it in a shop on level 6 of the Dungeon)
 w - a +0 helmet (worn)
   (You found it on level 4 of the Dungeon)
 E - the +5 chain mail of Acaebass (worn) {+Inv}
   (You took it off an orc priest on level 7 of the Dungeon)

   It lets you turn invisible.
 G - a +0 cloak of invisibility (worn)
   (You found it on level 9 of the Dungeon)
Jewellery
 o - a cursed ring of loudness {unknown}
   (You took it off a centaur warrior on level 9 of the Dungeon)
 D - the amulet of Impatience (around neck) {Gourm Dex+2}
   (You found it on level 7 of the Dungeon)

   [amulet of the gourmand]

   It allows you to eat raw meat even when not hungry.
   It affects your dexterity (+2).
 I - a +3 ring of slaying (left hand)
   (You found it on level 7 of the Dungeon)
Wands
 t - a wand of paralysis (9/24)
   (You found it on level 9 of the Dungeon)
 y - a wand of clouds (2/9)
   (You found it on level 5 of the Dungeon)
Scrolls
 b - a scroll of amnesia {unknown}
 d - 4 scrolls of remove curse
 e - 6 scrolls of identify
 g - 2 scrolls of immolation {unknown}
 j - a scroll of enchant armour {unknown}
 k - 5 scrolls of teleportation
 x - a scroll of recharging {unknown}
 B - 2 scrolls of vulnerability {unknown}
 C - a scroll of blinking {unknown}
 F - a scroll of magic mapping {unknown}
 M - a scroll of enchant weapon {unknown}
Potions
 f - a potion of berserk rage {unknown}
 h - a potion of degeneration {unknown}
 l - 2 potions of mutation {unknown}
 q - 6 potions of agility
 s - a potion of heal wounds
 v - 2 potions of curing
 z - a potion of haste
 A - 3 potions of brilliance {unknown}
 N - a potion of resistance {unknown}
Books
 p - a book of Minor Magic
   (You found it on level 2 of the Dungeon)
 L - the Incunabulum of Burning Venom
   (You found it on level 8 of the Dungeon)

   Spells                             Type                      Level
   a - Conjure Flame                  Conjuration/Fire             3
   b - Venom Bolt                     Conjuration/Poison           5
   c - Ring of Flames                 Charms/Fire                  7
   Trog disapproves of the use of such an item.
Comestibles
 c - 7 bread rations {@e1@e1}
 m - 8 meat rations {@e2@e2}
 n - 7 fruits


   Skills:
 + Level 6.4 Fighting
 - Level 21.0 Axes
 + Level 5.2 Armour
 - Level 1.5 Dodging


You had 11 spell levels left.
You didn't know any spells.

Dungeon Overview and Level Annotations

Branches:
Dungeon (9/15)             Temple (0/1) D:4
   Lair: D:8-11         Orc: D:9-12

Altars:
Fedhas
Nemelex Xobeh
Okawaru
Sif Muna
Xom
Yredelemnul

Shops:
D:6 [   D:9 }![

Annotations:
D:9 1 runed door


Message History

Health restored: 89 A fire crab is nearby!
A fire crab is nearby!
The fire crab bites you.
You are engulfed in flames!
The fire crab claws you but does no damage.
Found a stone staircase leading down.
You take 16 damage, and have 73/89 hp.
A red film seems to cover your vision as you go berserk!
You feel yourself moving faster!
You feel mighty! The fire crab bites you!
You are engulfed in flames!
The fire crab claws you but does no damage.
You now have 88/133 hp.
Unknown command.
You are too berserk!
Your chain mail of Acaebass prevents you from hitting the fire crab.
You slice the fire crab!! The fire crab bites you!
You are engulfed in flames!
The fire crab claws you.
You are engulfed in flames!
You take 40 damage, and have 48/133 hp.
MASSIVE DAMAGE!!
You slice the fire crab!! You slash the fire crab!
You kill the fire crab!
Trog accepts your kill.
Trog will gift you weapons as your piety grows.
Your Fighting skill increases to level 6!
Your Armour skill increases to level 5!
You have reached level 12!
Your experience leads to an increase in your attributes!
Your base attributes are Str 21, Int 7, Dex 13.
Increase (S)trength, (I)ntelligence, or (D)exterity?
You feel agile.
You regained 5 hp, and now have 53/145 hp.
MP restored: 12 A phantom comes into view.
Unknown command.
You feel a strong urge to attack something.
Unknown command.
Unknown command.
You start resting.
You feel your anger subside.
You are no longer berserk.
You are exhausted.
You feel yourself slow down.
You now have 36/97 hp.
You start resting.
A phantom is nearby!
Unknown command.
A phantom is nearby!
You swing at nothing.
You barely miss the phantom.
The phantom hits you but does no damage.
You slash the phantom!
The phantom hits you but does no damage.
You slash the phantom!
The phantom hits you but does no damage.
You slash the phantom!
You destroy the phantom!
Trog accepts your kill.
You swing at nothing.
You start resting.
You regained 4 hp, and now have 43/97 hp.
A stone giant is nearby!
A stone giant is nearby!
You start resting.
You feel yourself speed up.
Your skin crawls.
You feel resistant to hostile enchantments.
You feel somewhat less full. Trog will no longer gift you weapons.
The stone giant shouts!
Unknown command.
You're still recovering from your berserk rage.
You slice the stone giant!! The stone giant closely misses you.
You slash the stone giant!
You hit the stone giant but do no damage.
The stone giant hits you!!
You take 17 damage, and have 31/97 hp.
You slash the stone giant! The stone giant hits you!!
* * * LOW HITPOINT WARNING * * *
You take 22 damage, and have 9/97 hp.
MASSIVE DAMAGE!!
You feel much better.
The stone giant hits you but does no damage.
You regained 23 hp, and now have 32/97 hp.
You slash the stone giant! The stone giant hits you!!
* * * LOW HITPOINT WARNING * * *
You take 19 damage, and have 13/97 hp.
Unknown command.
You feel much better. The stone giant hits you!!
* * * LOW HITPOINT WARNING * * *
You regained 4 hp, and now have 17/97 hp.
Unknown command.
Unknown command.
Unknown command.
The stone giant throws a large rock.
The large rock hits you!!
* * * LOW HITPOINT WARNING * * *
You see here a large rock {!d}.
You take 16 damage, and have 2/97 hp.
You feel much better.
You recover from your berserk rage.
The stone giant throws a large rock.
The large rock hits you!!!
You die...

....).......#≈).#...............#
#############≈..############....#
..... #≈.###....... #....#
.....>. #≈.≈.+...... #.##.#
.....#.# ##))###...# #....#
.........#####..###...# #....#
.##......#............# #....#
......................# #.#..#
.........'......@.C...# #.#..#
.............######..## ##....#
##...........######..######.....#
# ...._......C............#.###.#
.. .......................#.###.#
### ...⌠..?..#############.....#
.. ...........................#
.. ....._...####..............#
.. .......W#####..............#


You could see a stone giant.

Vanquished Creatures
  3 centaur warriors (D:9)
  A deep troll earth mage (D:9)
  A fire crab (D:9)
  A flayed ghost (D:9)
  An orc knight (D:9)
  Pikel (D:7)
  Psyche (D:9)
  A komodo dragon (D:9)
  Grinder (D:6)
  A merfolk (D:9)
  Prince Ribbit (D:9)
  A hippogriff (D:7)
  A wyvern (D:9)
  5 yaks (D:9)
  A hungry ghost (D:8)
  Menkaure (D:7)
  Edmund (D:5)
  A soldier ant (D:9)
  2 water moccasins (D:8)
  3 orc warriors
  3 black bears
  2 slaves (D:7)
  4 phantoms
  3 sky beasts
  2 necrophages
  3 ogres
  5 ice beasts
  7 centaurs
  Blork the orc (D:6)
  2 bullfrogs
  A wyvern zombie (D:7)
  2 scorpions
  9 killer bees
  4 wights (D:9)
  A howler monkey (D:6)
  9 crimson imps
  A bullfrog zombie (D:6)
  A centaur zombie (D:5)
  2 jellies
  3 bullfrog skeletons
  7 hounds
  2 orc priests
  10 orc wizards
  A centaur skeleton (D:5)
  3 iguanas
  7 worker ants
  2 hound zombies (D:6)
  A hound skeleton (D:4)
  A mummy (D:9)
  A howler monkey zombie (D:7)
  2 worker ant zombies
  11 gnolls
  15 adders
  An adder skeleton (D:9)
  2 worms
  A dart slug (D:3)
  2 leopard geckos
  22 orcs
  3 ball pythons
  5 giant cockroaches
  11 goblins
  7 hobgoblins
  2 jackals (D:7)
  7 quokkas
  8 bats
  2 frilled lizards
  7 kobolds
  2 quokka skeletons
  A quokka zombie (D:4)
  6 rats
  A butterfly (D:4)
247 creatures vanquished.

Vanquished Creatures (collateral kills)
  An orc high priest (D:9)
1 creature vanquished.

Vanquished Creatures (others)
  A slave (D:7)
  A wight (D:9)
  An orc priest (D:7)
  4 orcs (D:7)
  A jackal (D:7)
8 creatures vanquished.

Grand Total: 256 creatures vanquished

Notes
Turn   | Place    | Note
-------+----------+-------------------------------------------
     0 | D:1      | Gorglomux the Hill Orc Berserker began the quest for the Orb.
     0 | D:1      | Reached XP level 1. HP: 19/19 MP: 1/1
   220 | D:1      | Reached XP level 2. HP: 25/26 MP: 2/2
   494 | D:1      | Reached skill level 5 in Axes
  1049 | D:2      | Reached XP level 3. HP: 31/31 MP: 3/3
  1111 | D:2      | Reached skill level 6 in Axes
  1138 | D:2      | Reached XP level 4. HP: 26/39 MP: 4/4
  1406 | D:2      | Reached ** piety under Trog
  1935 | D:3      | Reached skill level 7 in Axes
  1944 | D:3      | Reached XP level 5. HP: 29/45 MP: 5/5
  2739 | D:4      | Noticed a phantom
  2776 | D:4      | Killed a phantom
  2776 | D:4      | Reached skill level 8 in Axes
  2776 | D:4      | Reached XP level 6. HP: 51/51 MP: 6/6
  2875 | D:4      | Reached skill level 9 in Axes
  3055 | D:4      | Reached skill level 10 in Axes
  3055 | D:4      | Reached XP level 7. HP: 34/57 MP: 7/7
  3057 | D:4      | Reached *** piety under Trog
  3611 | D:4      | Found a staircase to the Ecumenical Temple.
  3697 | D:5      | Entered Level 5 of the Dungeon
  3710 | D:5      | Reached skill level 11 in Axes
  3986 | D:5      | Reached XP level 8. HP: 54/64 MP: 8/8
  4155 | D:5      | Noticed Edmund
  4169 | D:5      | Reached skill level 12 in Axes
  4170 | D:5      | Killed Edmund
  4534 | D:5      | Reached skill level 13 in Axes
  5278 | D:6      | Found an iron altar of Okawaru.
  5291 | D:6      | Reached skill level 14 in Axes
  5305 | D:6      | Reached XP level 9. HP: 51/70 MP: 9/9
  5567 | D:6      | Found Tuevufu's Antique Armour Shop.
  5573 | D:6      | Bought an embroidered scarf for 240 gold pieces
  5630 | D:6      | HP: 26/105 [poisoned by a worker ant]
  5635 | D:6      | HP: 23/105 [poisoned by a worker ant]
  5640 | D:6      | HP: 13/70 [poisoned by a worker ant]
  5642 | D:6      | Noticed Prince Ribbit
  5645 | D:6      | HP: 12/70 [poisoned by a worker ant]
  5650 | D:6      | HP: 15/70 [poisoned by a worker ant]
  5655 | D:6      | HP: 17/70 [poisoned by a worker ant]
  5660 | D:6      | HP: 17/70 [poisoned by a worker ant]
  5665 | D:6      | HP: 13/70 [hound (1)]
  5670 | D:6      | Noticed Grinder
  5671 | D:6      | HP: 12/70 [hound (1)]
  5676 | D:6      | HP: 11/70 [Grinder (4)]
  5689 | D:6      | HP: 25/105 [Grinder (5)]
  5696 | D:6      | Killed Grinder
  5696 | D:6      | Reached skill level 15 in Axes
  5697 | D:6      | Found a deep blue altar of Sif Muna.
  5697 | D:6      | Found a basalt altar of Yredelemnul.
  6566 | D:6      | Noticed Blork the orc
  6573 | D:6      | Killed Blork the orc
  6767 | D:6      | Reached skill level 16 in Axes
  6769 | D:6      | HP: 24/105 [orc/war axe (5)]
  7351 | D:7      | Reached **** piety under Trog
  7390 | D:7      | Noticed Menkaure
  7397 | D:7      | Killed Menkaure
  7514 | D:7      | Got a polished chain mail
  7567 | D:7      | Noticed Pikel
  7576 | D:7      | Killed Pikel
  7576 | D:7      | Reached skill level 17 in Axes
  7576 | D:7      | Reached XP level 10. HP: 77/77 MP: 8/10
  7721 | D:7      | HP: 28/115 [hippogriff (5)]
  7728 | D:7      | HP: 19/77 [poisoned by an adder]
  8153 | D:7      | Got a fine golden amulet
  8444 | D:8      | Reached skill level 18 in Axes
  8483 | D:8      | Identified the +5 chain mail of Acaebass {+Inv} (You took it off an orc priest on level 7 of the Dungeon)
  8726 | D:8      | Found a shimmering altar of Xom.
  8867 | D:8      | Identified the Incunabulum of Burning Venom
  9120 | D:9      | Noticed Psyche
  9127 | D:9      | Killed Prince Ribbit
  9127 | D:9      | Reached skill level 19 in Axes
  9131 | D:9      | Killed Psyche
  9202 | D:9      | Found a flagged portal.
  9212 | D:9      | Found a runed door.
  9212 | D:9      | Noticed a centaur warrior
  9226 | D:9      | Reached XP level 11. HP: 70/82 MP: 5/11
  9230 | D:9      | Killed a centaur warrior
  9230 | D:9      | Reached ***** piety under Trog
  9365 | D:9      | Noticed a centaur warrior
  9365 | D:9      | Noticed a flayed ghost
  9366 | D:9      | Noticed an ogre mage
  9366 | D:9      | Noticed a centaur warrior
  9366 | D:9      | Noticed an ettin
  9382 | D:9      | Killed a centaur warrior
  9382 | D:9      | Reached skill level 20 in Axes
  9392 | D:9      | HP: 30/123 [flayed ghost (8)]
  9393 | D:9      | Noticed an orc high priest
  9398 | D:9      | HP: 26/123 [flayed ghost (5)]
  9400 | D:9      | Killed a flayed ghost
  9401 | D:9      | Noticed an orc knight
  9412 | D:9      | Noticed a soul eater
  9416 | D:9      | HP: 20/82 [soul eater/drain life[an orc high priest] (4)]
  9417 | D:9      | Killed an orc high priest
  9425 | D:9      | HP: 12/82 [orc knight/enchanted great sword (16)]
  9426 | Bailey   | Entered a bailey
  9426 | Bailey   | Noticed an orc knight
  9612 | Bailey   | Noticed an orc knight
  9790 | Bailey   | Identified the amulet of Impatience {Gourm Dex+2} (You found it on level 7 of the Dungeon)
  9801 | D:9      | Found Bocvupn's Distillery.
  9801 | D:9      | Found a sparkling altar of Nemelex Xobeh.
  9801 | D:9      | Found Maisoz's Gadget Emporium.
 10006 | D:9      | Bought a potion of heal wounds for 80 gold pieces
 10006 | D:9      | Bought a potion of agility for 64 gold pieces
 10082 | D:9      | Found Seesofe's Antique Armour Emporium.
 10120 | D:9      | Reached skill level 21 in Axes
 10246 | D:9      | Killed an orc knight
 10246 | D:9      | Reached skill level 4 in Fighting
 10253 | D:9      | Noticed a fire crab
 10424 | D:9      | Killed a centaur warrior
 10424 | D:9      | Reached skill level 5 in Fighting
 10424 | D:9      | Reached skill level 3 in Armour
 10537 | D:9      | Noticed a deep troll earth mage
 10537 | D:9      | Noticed a deep troll
 10537 | D:9      | Noticed a stone giant
 10548 | D:9      | Reached skill level 4 in Armour
 10601 | D:9      | Killed a deep troll earth mage
 10881 | D:9      | Found a blossoming altar of Fedhas.
 10889 | D:9      | Killed a fire crab
 10889 | D:9      | Reached skill level 6 in Fighting
 10889 | D:9      | Reached skill level 5 in Armour
 10889 | D:9      | Reached XP level 12. HP: 53/97 MP: 12/12
 10924 | D:9      | HP: 9/97 [stone giant (23)]
 10929 | D:9      | HP: 2/97 [stone giant/large rock (18)]
 10930 | D:9      | Hit by a large rock thrown by a stone giant

Vault maps used:
D:1:      minmay_arrival_checkered_box, hangedman_decor_riveting, minmay_cut_off
D:2:      first_bread, grunt_decor_mini_mirrors, minmay_goblin_outpost
D:4:      minmay_temple_entry_butterflies
D:5:      uniq_edmund
D:6:      chequers_temple_overflow_statue_of_worship, serial_shops,
          nicolae_shop_crystal, st_stairs_5, okawaru_trees_1,
          uniq_prince_ribbit1, uniq_blork_the_orc, uniq_grinder
D:7:      uniq_pikel, uniq_menkaure
D:8:      xom_teletrap_fun
D:9:      grunt_temple_overflow_open, enter_bailey_2, serial_shops,
          nicolae_shop_stone, nicolae_shop_temple_entry_statues_fountains,
          kennysheep_little_box, nicolae_shop_stone, shop, serial_undead,
          serial_undead_d, serial_undead_d, serial_undead_b, serial_undead_a,
          hangedman_fish_farm, minmay_the_grid_triangle_9x9_rhombus_thin_mashed,
          uniq_psyche, uniq_maurice
Bailey:   bailey_polearm_4, bailey

Skill      XL: |  1  2  3  4  5  6  7  8  9 10 11 |
---------------+----------------------------------+-----
Axes           | 5 6 7 8 10 11 14 17 19 21 | 21.0
Fighting       | 6 |  6.4
Armour         | 5 |  5.2
Dodging        | |  1.5

Action                   |  1- 3 |  4- 6 |  7- 9 | 10-12 || total
-------------------------+-------+-------+-------+-------++-------
Melee: Hand axe          |    88 |   196 |   403 |       ||   687
       War axe           |       |       |    66 |    67 ||   133
       Battleaxe         |       |       |       |   269 ||   269
Invok: Berserk           |     2 |     3 |    13 |    11 ||    29
       Trog's Hand       |       |       |     2 |     3 ||     5
       Brothers in Arms  |       |       |       |     1 ||     1
  Use: Scroll            |       |       |     1 |     5 ||     6
       Potion            |       |       |       |     5 ||     5
 Stab: Sleeping          |     1 |       |       |       ||     1
  Eat: Chunk             |     2 |     8 |    22 |    27 ||    59
       Royal jelly       |       |       |     3 |     2 ||     5
Armor: Animal skin       |     7 |       |       |       ||     7
       Scale mail        |    19 |    72 |   155 |    20 ||   266
       Chain mail        |       |       |       |   120 ||   120
Dodge: Dodged            |    58 |    95 |   190 |   118 ||   461

Vault maps used:
D:1:      minmay_arrival_checkered_box, hangedman_decor_riveting, minmay_cut_off
D:2:      first_bread, grunt_decor_mini_mirrors, minmay_goblin_outpost
D:4:      minmay_temple_entry_butterflies
D:5:      uniq_edmund
D:6:      chequers_temple_overflow_statue_of_worship, serial_shops,
          nicolae_shop_crystal, st_stairs_5, okawaru_trees_1,
          uniq_prince_ribbit1, uniq_blork_the_orc, uniq_grinder
D:7:      uniq_pikel, uniq_menkaure
D:8:      xom_teletrap_fun
D:9:      grunt_temple_overflow_open, enter_bailey_2, serial_shops,
          nicolae_shop_stone, nicolae_shop_temple_entry_statues_fountains,
          kennysheep_little_box, nicolae_shop_stone, shop, serial_undead,
          serial_undead_d, serial_undead_d, serial_undead_b, serial_undead_a,
          hangedman_fish_farm, minmay_the_grid_triangle_9x9_rhombus_thin_mashed,
          uniq_psyche, uniq_maurice
Bailey:   bailey_polearm_4, bailey

Table legend:
 A = Turns spent in this place as a percentage of turns spent in the entire game.
 B = Non-inter-level travel turns spent in this place as a percentage of non-inter-level travel turns spent in the entire game.
 C = Inter-level travel turns spent in this place as a percentage of turns spent in this place.
 D = Turns resting spent in this place as a percentage of non-inter-level travel turns spent in this place.
 E = Turns spent auto-exploring this place as a percentage of non-inter-level travel turns spent in this place.
 F = Non-inter-level travel turns spent in this place divided by the number of levels of this place that you've seen.
                   A       B       C       D       E      F
               +-------+-------+-------+-------+-------+----------------------
         Total | 100.0 | 100.0 |   0.2 |   4.9 |   6.2 | 415.9
       Dungeon |  99.2 |  99.2 |   0.2 |   4.6 |   6.3 | 458.6
        Bailey |   0.8 |   0.8 |   0.0 |  43.8 |   0.0 |  32.0
               +-------+-------+-------+-------+-------+----------------------

Table legend:
 A = Kills in this place as a percentage of kills in entire the game.
 B = Kills by you in this place as a percentage of kills by you in the entire game.
 C = Kills by friends in this place as a percentage of kills by friends in the entire game.
 D = Other kills in this place as a percentage of other kills in the entire game.
 E = Experience gained in this place as a percentage of experience gained in the entire game.
 F = Experience gained in this place divided by the number of levels of this place that you have seen.
                   A       B       C       D       E      F
               +-------+-------+-------+-------+-------+----------------------
         Total | 100.0 | 100.0 | 100.0 |  -nan | 100.0 | 1885.9
       Dungeon | 100.0 | 100.0 | 100.0 |  -nan | 100.0 | 2095.4
               +-------+-------+-------+-------+-------+----------------------
